 Dungeon Crawl Stone Soup version 0.26.0-16-gc1dbca0489 (webtiles) character file.

Game seed: 642932626838117588

42 kaeus the Sneak (level 3, -5/21 HPs)
             Began as an Octopode Hedge Wizard on Jan 21, 2021.
             Slain by a goblin (6 damage)
             ... led by Robin
             ... on level 2 of the Dungeon.
             The game lasted 00:01:41 (1627 turns).

kaeus the Sneak (Octopode Hedge Wizard)             Turns: 1627, Time: 00:01:42

Health: -5/21      AC:  1    Str:  9    XL:     3   Next: 54%
Magic:  3/7        EV: 13    Int: 17    God:
Gold:   83         SH:  0    Dex: 11    Spells: 7/8 levels left

rFire    . . .     SeeInvis .   a - +0 dagger
rCold    . . .     Faith    .   (no shield)
rNeg     . . .     Spirit   .   b - +0 hat
rPois    .         Reflect  .   (no amulet)
rElec    .         Harm     .   (no ring)
rCorr    .         Rampage  .   (no ring)
Will     .....                  (no ring)
Stlth    +++.......             (no ring)
HPRegen  0.07/turn              (no ring)
MPRegen  0.10/turn              (no ring)
                                (no ring)
                                (no ring)

@: no status effects
A: almost no armour, stealthy swim, amphibious, 8 rings, constrict 8, camouflage
1, gelatinous body 1
a: no special abilities


You were on level 2 of the Dungeon.
You visited 1 branch of the dungeon, and saw 2 of its levels.

You collected 83 gold pieces.

Inventory:

Hand Weapons
 a - a +0 dagger (weapon)
Armour
 b - a +0 hat (worn)
Scrolls
 c - 4 scrolls of identify {unknown}
 d - 4 scrolls of teleportation {unknown}
 h - a scroll of remove curse {unknown}
 i - a scroll of fear {unknown}
Potions
 e - a potion of resistance {unknown}
 f - 4 potions of curing {unknown}
 g - a potion of heal wounds {unknown}
 j - a potion of haste
 k - a potion of berserk rage {unknown}


   Skills:
 + Level 2.2 Dodging
 + Level 3.4 Stealth
 + Level 3.1 Spellcasting
 + Level 1.6 Conjurations
 + Level 1.4 Summonings
 + Level 1.7 Translocations


You had 7 spell levels left.
You knew the following spells:

 Your Spells              Type           Power        Failure   Level
a - Magic Dart            Conj           32%          9%          1

Your spell library contained the following spells:

 Spells                   Type           Power        Failure   Level
 Blink                    Tloc           N/A          13%         2
 Call Imp                 Summ           7%           14%         2
 Slow                     Hex            2%           26%         2
 Conjure Flame            Conj/Fire      5%           36%         3
 Mephitic Cloud           Conj/Pois/Air  4%           38%         3


Dungeon Overview and Level Annotations

Branches:
Dungeon (2/15)

Altars:
Vehumet

Annotations:
D:2 Robin


Innate Abilities, Weirdness & Mutations

You cannot wear most types of armour.
You are very stealthy in the water. (Stealth+)
You are amphibious.
You can wear up to eight rings at the same time.
You can use your tentacles to constrict eight enemies at once.
Your skin changes colour to match your surroundings (Stealth+).
Your rubbery body absorbs attacks. (AC +1, EV +1)


Message History

The goblin no longer looks unusually strong.
The hobgoblin misses you. The hobgoblin hits you.
* * * LOW HITPOINT WARNING * * *
The goblin hits you with a +0 club.
* * * LOW HITPOINT WARNING * * *
You take 9 damage, and have 1/21 hp.
MASSIVE DAMAGE!!
You hit the goblin. You grab the goblin.
The goblin is moderately wounded.
You constrict the goblin.
The hobgoblin no longer looks unusually strong. x2
Robin roars a battlecry!
The goblins go into a battle-frenzy!
An adder comes into view.
The hobgoblin closely misses you. x2
The adder hisses angrily.
You hit the goblin.
You kill the goblin!
The hobgoblin misses you. The hobgoblin barely misses you.
Robin throws the goblin at you! The goblin hits you.
You die...

# #..>.....# #### #........#
...## #........## #...#
###.........#
##..#######...##.####....
#....(......#..#...######
..........####.###..#
#.........####.####.########.
##........#....g@gl...(......
#...........####ggg.#########
..........### ###..†#
#........... ##g.#
##........... ##.#
#........... .S# .... .)....
....).g


You could see Robin (fast), an adder, 3 hobgoblins, 2 goblins and a frilled
lizard.

Vanquished Creatures
  An adder (D:2)
  A leopard gecko (D:1)
  A giant cockroach (D:1)
  7 goblins
  5 hobgoblins
  4 kobolds
  2 ball pythons (D:1)
  4 bats
  2 frilled lizards
  6 rats
33 creatures vanquished.

Notes
Turn   | Place    | Note
-------+----------+-------------------------------------------
     0 | D:1      | kaeus the Octopode Hedge Wizard began the quest for the
                  | Orb.
     0 | D:1      | Reached XP level 1. HP: 11/11 MP: 4/4
   507 | D:1      | Reached XP level 2. HP: 17/17 MP: 3/6
  1275 | D:2      | Reached XP level 3. HP: 21/21 MP: 4/7
  1322 | D:2      | Found a radiant altar of Vehumet.
  1607 | D:2      | Noticed Robin
  1625 | D:2      | HP: 1/21 [goblin/+0 club[Robin] (3)]
  1627 | D:2      | Slain by a goblin

Illustrated notes

Levels and vault maps discovered:
D:1:      amcnicky_arrival_flooded_fountain, layout_loops_ring,
          minmay_pentomino_x4
D:2:      layout_rooms, vehumet_crystals, uniq_robin

Skill      XL: |  1  2 |
---------------+-------+-----
Stealth        | 3 |  3.4
Dodging        | |  2.2
Spellcasting   | |  3.1
Conjurations   | |  1.6
Summonings     | |  1.4
Translocations | |  1.7

Action                   || total
-------------------------++-------
Melee: Dagger            ||    45
       Constrict         ||    13
       Tentacles         ||     4
 Cast: Magic Dart        ||    47
Armor: Skin              ||     3
Dodge: Dodged            ||    43
